 Dungeon Crawl Stone Soup version 0.31.0-32-g396128a36d (webtiles) character file.

Game seed: 16463617994638246556

219 mainiacjoe the Ruffian (level 5, 0/60 HPs)
             Began as a Draconian Shapeshifter on Apr 6, 2024.
             Slain by a river rat (5 damage)
             ... in a sewer.
             The game lasted 00:06:32 (2404 turns).

mainiacjoe the Ruffian (Draconian Shapeshifter)     Turns: 2404, Time: 00:06:32

Health: 0/60       AC: 22    Str: 16    XL:     5   Next: 63%
Magic:  5/5        EV:  2    Int: 11    God:
Gold:   127        SH:  0    Dex: 12    Spells: 4/4 levels left

rFire   . .          .
                       - Unarmed
rCold   . . .        (no shield)
rNeg    . . .        (body armour unavailable)
rPois   +            (helmet currently unavailable)
rElec   .            (cloak currently unavailable)
rCorr   .            (gloves currently unavailable)
SInv    .            (boots currently unavailable)
Will    .....        (no amulet)
Stlth   +            (no ring)
HPRegen 0.30/turn    (no ring)
MPRegen 0.09/turn

%: no passive effects
@: tree-form
A: stationary, stasis, torment immunity, boosted hp, AC +5, unfitting armour,
(cold-blooded)
a: no special abilities


You were in a sewer.
You were a tree.
You visited 1 branch of the dungeon, and saw 3 of its levels.
You also visited: Sewer.

You collected 127 gold pieces.

Inventory:

Hand Weapons
 b - a +0 sling
Missiles
 h - 9 stones
Armour
 j - a +0 pair of boots
Talismans
 c - a flux talisman
 g - a beast talisman
Scrolls
 k - a scroll of teleportation {unknown}
 l - a scroll of fear {unknown}
 m - a scroll of brand weapon {unknown}
Potions
 d - 2 potions of brilliance
 e - a potion of resistance {unknown}
 f - a potion of ambrosia {unknown}
 i - a potion of might {unknown}
 n - a potion of magic {unknown}


   Skills:
 - Level 1.1 Fighting
 - Level 1.7 Dodging
 + Level 6.4 Unarmed Combat
 - Level 3.0 Shapeshifting


You had 4 spell levels left.
You didn't know any spells.
Your spell library contained the following spells:

 Spells                   Type           Power      Damage    Failure   Level
 Sandblast                Erth           0%         2d4       34%         1
 Sublimation of Blood     Necr           0%         N/A       47%         2
 Passwall                 Erth           0%         N/A       71%         3
 Stone Arrow              Conj/Erth      0%         3d7       71%         3
 Brom's Barrelling Bould  Conj/Erth      0%         2d3       98%         4
 Petrify                  Alch/Erth      0%         N/A       98%         4
 Irradiate                Conj/Alch      0%         3d11      100%        5


Dungeon Overview and Level Annotations

Branches:
Dungeon (3/15)              Sewer (1/1)

Altars:


Innate Abilities, Weirdness & Mutations

You are a tree.
Your roots penetrate the ground, keeping you stationary.
You cannot be teleported.
You are immune to unholy pain and torment.
Your maximum health is greatly increased.
Your equipment is partially melded.
((Your plain brown scales are hard. (AC +5)))
You cannot fit into any form of body armour.
((You are cold-blooded and may be slowed by cold attacks.))


Message History

A rat and 2 river rats come into view.
The rat squeaks loudly.
The river rat squeaks loudly.
You are now empty-handed.
An adder comes into view.
The river rat bites you but does no damage.
The adder hisses angrily.
You barely miss the river rat. The river rat bites you!
The river rat closely misses you.
You hit the river rat.
The river rat is heavily wounded.
The river rat bites you. The river rat bites you!
You are too injured to fight recklessly!
You are too injured to fight recklessly!
You are too injured to fight recklessly!
You are too injured to fight recklessly!
You are too injured to fight recklessly!
You are too injured to fight recklessly!
You are too injured to fight recklessly!
You barely miss the river rat.
Your tail-slap misses the river rat.
The river rat misses you. The river rat bites you!
You hit the river rat but do no damage. The river rat bites you.
* * * LOW HITPOINT WARNING * * *
The river rat bites you.
* * * LOW HITPOINT WARNING * * *
Unknown command.
Unknown command.
You closely miss the river rat. Your punch misses the river rat.
The river rat bites you.
* * * LOW HITPOINT WARNING * * *
Your transformation has ended.
You turn into a tree.
Your roots penetrate the ground.
The river rat barely misses you.
The river rat bites you but does no damage.
The rat bites you but does no damage.
You hit the river rat.
The river rat is heavily wounded.
The river rat bites you.
* * * LOW HITPOINT WARNING * * *
The river rat bites you.
You die...

#~# #.# #~# #.# #~# #S#
################r#######
..~.~.~.~.~~~~~r♣r~~~~~.
....~~~.~..~~~~~~~~~~.~.
#.######################
.###~# #.#~# ..~######
##.##.#~# #.#.##.##
.###.#.#


You could see an adder, 2 river rats and a rat.

Vanquished Creatures
  A brain worm (Sewer)
  4 adders
  4 gnolls
  2 river rats (Sewer)
  2 dart slugs
  8 endoplasms
  4 giant cockroaches
  5 goblins
  2 hobgoblins
  2 jackals (D:3)
  4 kobolds
  A quokka (D:1)
  10 ball pythons
  4 bats
  5 frilled lizards
  5 rats
63 creatures vanquished.

Notes
Turn   | Place    | Note
-------+----------+-------------------------------------------
     0 | D:1      | mainiacjoe the Draconian Shapeshifter began the quest for
                  | the Orb.
     0 | D:1      | Reached XP level 1. HP: 16/16 MP: 1/1
    90 | D:1      | Reached XP level 2. HP: 18/23 MP: 2/2
   398 | D:1      | Reached skill level 4 in Unarmed Combat
   944 | D:2      | Found a faded altar of an unknown god.
   951 | D:1      | Reached XP level 3. HP: 18/28 MP: 3/3
  1181 | D:2      | Reached XP level 4. HP: 35/35 MP: 4/4
  1279 | D:2      | Reached skill level 5 in Unarmed Combat
  2181 | D:3      | Found a glowing drain.
  2185 | Sewer    | Entered a sewer
  2230 | Sewer    | Reached XP level 5. HP: 32/40 MP: 5/5
  2324 | Sewer    | Reached skill level 6 in Unarmed Combat
  2404 | Sewer    | Slain by a river rat

Illustrated notes

Levels and vault maps discovered:
D:1:      kennysheep_arrival_seaside, layout_basic
D:2:      layout_basic, serial_rivers, chequers_serial_rivers_small_3,
          chequers_serial_rivers_large_b, chequers_serial_rivers_room_b,
          chequers_serial_rivers_marsh, nicolae_ecumenical_pavilion,
          grunt_ministairs_13
D:3:      layout_loops_corners, amcnicky_altar_gilded,
          mainiacjoe_sewer_entry_somewhere_in_here_2, chequers_big_river,
          minivault_26
Sewer:    sewer_co_cracked_pipes

Skill      XL: |  1  2  3  4  5 |
---------------+----------------+-----
Unarmed Combat | 4 5 6 |  6.4
Fighting       | |  1.1
Dodging        | |  1.7
Shapeshifting  | |  3.0

Action                     |  1- 3 |  4- 6 || total
---------------------------+-------+-------++-------
  Melee: Unarmed           |    64 |    57 ||   121
         Tailslap          |     5 |     2 ||     7
         Punch             |     3 |     2 ||     5
   Fire: Sling             |     3 |    49 ||    52
    Use: Scroll            |     4 |     1 ||     5
         Potion            |       |     1 ||     1
 Armour: Skin              |    39 |    42 ||    81
  Dodge: Dodged            |    45 |    34 ||    79
